 Dungeon Crawl Stone Soup version 0.32-a0-132-g2d33c3cfaf (webtiles) character file.

Game seed: 16715288207561844378

44 Bravepunisher the Ducker (level 3, 14/19 HPs)
             Began as a Spriggan Monk on Feb 9, 2024.
             Quit the game on level 5 of the Dungeon.
             The game lasted 00:02:56 (823 turns).

Bravepunisher the Ducker (Spriggan Monk)             Turns: 823, Time: 00:02:56

Health: 14/19      AC:  2    Str:  7    XL:     3   Next: 41%
Magic:  4/4        EV: 20    Int: 11    God:
Gold:   48         SH:  0    Dex: 19    Spells: 2/2 levels left

rFire   . . .        a - +0 short sword
rCold   . . .        (no shield)
rNeg    . . .        b - +0 robe
rPois   .            (helmet restricted)
rElec   .            (no cloak)
rCorr   .            (gloves unavailable)
SInv    +            (boots unavailable)
Will    .....        (no amulet)
Stlth   ++           (no ring)
HPRegen 0.23/turn    (no ring)
MPRegen 0.09/turn

%: no passive effects
@: very quick
A: very small, no large weapons, unfitting armour, see invisible, speed 3
a: no special abilities


You were on level 5 of the Dungeon.
You visited 1 branch of the dungeon, and saw 6 of its levels.

You collected 48 gold pieces.

Inventory:

Hand Weapons
 a - a +0 short sword (weapon)
Armour
 b - a +0 robe (worn)
Scrolls
 f - a scroll of teleportation {unknown}
 h - a scroll of identify {unknown}
Potions
 c - a potion of ambrosia
 d - a potion of curing {unknown}
 e - a potion of heal wounds {unknown}
 g - a potion of might {unknown}


   Skills:
 + Level 2.9 Fighting
 - Level 3.2 Short Blades
 * Level 5.4 Dodging


You had 2 spell levels left.
You didn't know any spells.
Your spell library contained the following spells:

 Spells                   Type           Power      Damage    Failure   Level
 Freeze                   Ice            0%         1d3       34%         1
 Blink                    Tloc           0%         N/A       47%         2
 Lesser Beckoning         Tloc           0%         N/A       47%         2
 Momentum Strike          Conj/Tloc      0%         3d8       47%         2
 Frozen Ramparts          Ice            0%         1d1       71%         3
 Hailstorm                Conj/Ice       0%         3d5       71%         3


Dungeon Overview and Level Annotations

Branches:
Dungeon (6/15)
 Temple: D:4-7

Altars:
Qazlal

Shops:
D:1 [   D:6 (

Annotations:
D:2 Sigmund


Innate Abilities, Weirdness & Mutations

You are very small and have problems with some larger weapons.
You are too small for most types of armour.
You have supernaturally acute eyesight. (SInv)
You cover ground extremely quickly. (Speed+++)


Message History

The ice beast misses you.
A jelly comes into view.
The white imp gestures at you. The puff of frost misses you.
The jelly moves out of view.
An ogre comes into view. It is wielding a +0 giant club.
Found a stone staircase leading up.
The jelly quivers.
Found Cahaniasm's Weapon Emporium.
The jelly jiggles.
There is a stone staircase leading up here.
You climb upwards.
Found 2 poisoned darts and a tapered gold wand.
There is a stone staircase leading down here.
Found a book of Battle.
An adder comes into view.
The adder hisses angrily.
The quokka bites you.
* * * LOW HITPOINT WARNING * * *
The sleepcap barely misses you.
You hit the quokka.
The quokka is severely wounded.
The quokka bites you but does no damage.
The sleepcap releases spores at you but does no damage.
You hit the quokka.
You kill the quokka!
The adder attacks as it pursues you! The adder barely misses you.
The sleepcap barely misses you.
You see here a quokka corpse.
The sleepcap attacks as it pursues you! The sleepcap completely misses you.
Found a whip. 2 orcs come into view.
Found 11 gold pieces.
An orc and an orc wizard come into view.
The orc shouts! x3
You see here 11 gold pieces.
Found a robe.
A water moccasin comes into view.
The orc wizard casts a spell.
The orc wizard flickers and vanishes for a moment.
Are you sure you want to abandon this character and quit the game? (Confirm with "yes".)

##### ##
#####
######...##
#.##...##
..
#.....@...#
#........
#..
########..#
#........
#..# #..#
##........
.$.# #S.#
#.........
.... #..#
#..:......
....
####.##
##........
#
###.....##
#........ #
....##
#........#
##.......
## .....#
#........##
#......#


There were no monsters in sight!

Vanquished Creatures
  A hound (D:5)
  2 bats (D:1)
  2 endoplasms (D:1)
  2 goblins
  A kobold (D:4)
  A quokka (D:5)
  2 ball pythons (D:1)
  A frilled lizard (D:1)
  2 rats (D:1)
14 creatures vanquished.

Notes
Turn   | Place    | Note
-------+----------+-------------------------------------------
     0 | D:1      | Bravepunisher the Spriggan Monk began the quest for the
                  | Orb.
     0 | D:1      | Reached XP level 1. HP: 11/11 MP: 2/2
   370 | D:1      | Reached XP level 2. HP: 16/16 MP: 3/3
   390 | D:1      | Found Hogi's Armour Shop.
   409 | D:2      | Noticed Sigmund
   456 | D:4      | Found a stormy altar of Qazlal.
   471 | D:4      | Noticed a bombardier beetle
   527 | D:4      | Noticed a bombardier beetle
   532 | D:4      | Noticed a scorpion
   537 | D:5      | Entered Level 5 of the Dungeon
   537 | D:5      | Noticed a black bear
   602 | D:5      | Reached skill level 5 in Dodging
   602 | D:5      | Reached XP level 3. HP: 13/19 MP: 4/4
   710 | D:5      | Noticed an ogre
   721 | D:6      | Noticed an ice beast
   730 | D:6      | Noticed an ogre
   736 | D:6      | Found Cahaniasm's Weapon Emporium.
   806 | D:5      | Noticed a water moccasin
   823 | D:5      | Quit the game

Illustrated notes

Levels and vault maps discovered:
D:1:      dpeg_cavernosity, layout_loops_ring, serial_shops, shop
D:2:      layout_rooms, serial_shops, shop, minmay_misc_feat_rows,
          minmay_surrounded, uniq_sigmund
D:3:      layout_basic, okawaru_altar_gauntlet_db, serial_bayou_lagoon_b
D:4:      layout_loops_corners, nicolae_qazlal_general_emergency,
          nicolae_underground_beach, uniq_edmund, uniq_natasha,
          uniq_crazy_yiuf_cottage
D:5:      layout_cave_pods
D:6:      layout_cave_pods, serial_shops, shop_fountains,
          kennysheep_generic_room_10, uniq_jeremiah

Skill      XL: |  1  2 |
---------------+-------+-----
Dodging        | 5 |  5.4
Fighting       | |  2.9
Short Blades   | |  3.2

Action                     || total
---------------------------++-------
  Melee: Short sword       ||    38
         Punch             ||     1
   Stab: Sleeping          ||     2
 Armour: Robe              ||    12
  Dodge: Dodged            ||    34

Table legend: (Time is in decaauts)
 A = Elapsed time spent in this place.
 B = Non-inter-level travel time spent in this place.
 C = Inter-level travel time spent in this place.
 D = Time resting spent in this place.
 E = Time spent auto-exploring this place.
 F = Levels seen in this place.
 G = Mean time per level.
                   A        B        C        D        E       F      G
               +--------+--------+--------+--------+--------+-----+--------+
         Total |    534 |    534 |      0 |      0 |    220 |   6 |   89.0 |
       Dungeon |    534 |    534 |      0 |      0 |    220 |   6 |   89.0 |
               +--------+--------+--------+--------+--------+-----+--------+

Top non-repeatable levels by time:
     D:1: 272 daAuts
     D:5: 139 daAuts
     D:4: 103 daAuts
     D:6: 11 daAuts
     D:2: 4 daAuts
     D:3: 2 daAuts
